 Dungeon Crawl Stone Soup version 0.32-a0-834-geaf45d8e21 (webtiles) character file.

Game seed: 808973666585177481

1011 Arzdou the Chopper (level 8, -1/70 HPs)
             Began as a Mountain Dwarf Cinder Acolyte on Mar 25, 2024.
             Was an Elder of Ignis.
             Succumbed to Sigmund's poison
             ... on level 5 of the Dungeon.
             The game lasted 00:09:17 (4569 turns).

Arzdou the Chopper (Mountain Dwarf Cinder Acolyte)  Turns: 4569, Time: 00:09:17

Health: -1/70      AC: 15    Str: 18    XL:     8   Next: 1%
Magic:  13/13      EV:  9    Int: 16    God:    Ignis [****..]
Gold:   182        SH:  0    Dex:  5    Spells: 10/14 levels left

rFire   + . .        a - -1 hand axe (flame)
rCold   + + .        (no shield)
rNeg    . . .        e - +0 ring mail
rPois   +            (no helmet)
rElec   +            h - +0 cloak
rCorr   +            g - +0 pair of gloves
SInv    .            d - +0 pair of boots
Will    ++...        (no amulet) Stlth
                     c - ring of willpower
HPRegen 0.31/turn    n - ring of ice
MPRegen 0.13/turn

%: no passive effects
@: brilliant, lethally poisoned (-1 -> -8), resistant, attractive,
fiery-armoured, enlightened, flying
A: runic magic, artefact enchanting
a: Renounce Religion, Fiery Armour, Foxfire Swarm, Rising Flame


You were on level 5 of the Dungeon.
You worshipped Ignis.
Ignis was greatly pleased with you.
You visited 2 branches of the dungeon, and saw 6 of its levels.

You collected 215 gold pieces.
You spent 33 gold pieces at shops.

Inventory:

Hand Weapons
 a - a -1 hand axe of flaming (weapon)
Missiles
 r - 5 poisoned darts
Armour
 b - a +0 robe
 d - a +0 pair of boots (worn)
 e - a +0 ring mail (worn)
 g - a +0 pair of gloves (worn)
 h - a +0 cloak (worn)
Jewellery
 c - a ring of willpower (left hand)
 n - a ring of ice (right hand)
Wands
 l - a wand of flame (25)
Scrolls
 j - 2 scrolls of amnesia
 m - a scroll of teleportation
 o - a scroll of fog
 q - 3 scrolls of revelation
 s - a scroll of brand weapon {unknown}
 u - a scroll of poison {unknown}
Potions
 t - a potion of attraction


   Skills:
 + Level 6.0 Fighting
 + Level 6.6 Axes
 + Level 3.8 Spellcasting
 + Level 6.6 Fire Magic


You had 10 spell levels left.
You knew the following spells:

 Your Spells              Type           Power      Damage    Failure   Level
a - Scorch                Fire           72%        2d8       1%          2
b - Blink                 Tloc           8%         N/A       30%         2

Your spell library contained the following spells:

 Spells                   Type           Power      Damage    Failure   Level
 Magic Dart               Conj           16%        1d3       21%         1
 Call Imp                 Summ           8%         N/A       30%         2
 Ensorcelled Hibernation  Hex/Ice        12%        N/A       30%         2
 Sublimation of Blood     Necr           4%         N/A       30%         2
 Fugue of the Fallen      Necr           4%         N/A       52%         3
 Anguish                  Hex/Necr       2%         N/A       89%         4
 Summon Hydra             Summ           2%         N/A       100%        7


Dungeon Overview and Level Annotations

Branches:
Dungeon (5/15)             Temple (1/1) D:4

Altars:
Ashenzari
Cheibriados
Dithmenos
Elyvilon
Gozag
Hepliaklqana
Kikubaaqudgha
Makhleb
Nemelex Xobeh
Okawaru
Ru
Sif Muna
Trog
Uskayaw
Vehumet
Wu Jian
Xom
Yredelemnul
The Shining One
Beogh

Shops:
D:1 [   D:2 !=[:

Annotations:
D:3 3 runed translucent doors, PaleRider's ghost, amateur DrSh
D:4 Dowan; Duvessa
D:5 Sigmund


Innate Abilities, Weirdness & Mutations

Your spellcasting is much less encumbered by armour.
You can use scrolls of enchantment on lesser artefacts.


Message History

You hit Sigmund but do no damage.
Sigmund is moderately wounded.
You feel extremely sick.
A protective cloak of flame settles atop you.
You feel very sick. Sigmund completely misses you.
You feel very sick.
Sigmund hits you with a +3 scythe of venom.
* * * LOW HITPOINT WARNING * * *
You are lethally poisoned!
Sigmund is burned by your cloak of flames.
Sigmund is heavily wounded.
It was a potion of attraction.
You feel attractive to monsters.
* * * LOW HITPOINT WARNING * * *
You feel extremely sick.
It was a potion of resistance.
You feel protected.
* * * LOW HITPOINT WARNING * * *
You feel very sick. Sigmund barely misses you.
It was a potion of enlightenment.
You feel very buoyant.
You fly up into the air.
* * * LOW HITPOINT WARNING * * *
You feel very sick. Sigmund barely misses you.
It was a potion of brilliance.
You feel clever all of a sudden.
* * * LOW HITPOINT WARNING * * *
You feel very sick.
As you read the scroll labelled OPHARCHURUQ, it dissolves into smoke.
It was a scroll of fog.
* * * LOW HITPOINT WARNING * * *
You feel sick. Sigmund closely misses you.
As you read the scroll labelled WAUTAN TINT, it crumbles to dust.
You hear a loud clanging noise!
It was a scroll of noise.
You die...
Ignis goes out, and joins you in death.

##########....
#..............#
#..............#
#..............#
#..............#
#......§.......#
#....§§§§......#
#....@@§§......####+###
#....§§§§..............
#....<.÷...............
##########.............
#.............
#.............
#.............
#.............
######........


You could see Sigmund.

Vanquished Creatures
  Pikel (D:4)
  Grinder (D:4)
  A lemure (D:4)
  A scorpion (D:5)
  A howler monkey (D:5)
  A hound (D:3)
  Terence (D:2)
  2 orc wizards
  7 adders
  A white imp (D:5)
  2 dart slugs
  2 ribbon worms
  11 orcs
  8 endoplasms
  3 giant cockroaches
  7 goblins
  4 hobgoblins
  2 jackals (D:3)
  4 ball pythons
  6 bats
  6 frilled lizards
  5 kobolds
  6 rats
83 creatures vanquished.

Vanquished Creatures (others)
  6 foxfires (D:4)
6 creatures vanquished.

Grand Total: 89 creatures vanquished

Notes
Turn   | Place    | Note
-------+----------+-------------------------------------------
     0 | D:1      | Arzdou the Mountain Dwarf Cinder Acolyte began the quest
                  | for the Orb.
     0 | D:1      | Reached XP level 1. HP: 19/19 MP: 2/2
   191 | D:1      | Reached XP level 2. HP: 22/26 MP: 3/3
   387 | D:1      | Found Qoyry's Armour Shoppe.
   849 | D:2      | Learned a level 2 spell: Scorch
   849 | D:2      | Found Beymis's Jewellery Boutique.
   861 | D:2      | Found Pyvif's Armour Emporium.
   990 | D:2      | Found Ikehem's Distillery.
   998 | D:2      | Bought a potion of curing for 33 gold pieces
  1098 | D:2      | Noticed Terence
  1140 | D:2      | Killed Terence
  1141 | D:2      | Reached XP level 3. HP: 26/33 MP: 1/5
  1402 | D:2      | Found Tewkeag's Book Shop.
  1610 | D:2      | Reached XP level 4. HP: 40/40 MP: 6/6
  2014 | D:3      | Learned a level 2 spell: Blink
  2453 | D:3      | Noticed PaleRider's ghost (amateur DrSh)
  2454 | D:3      | Found a runed translucent gate.
  2455 | D:3      | Found a runed translucent gate.
  2456 | D:3      | Found a runed translucent gate.
  2468 | D:3      | Found a roughly hewn altar of Beogh.
  2670 | D:3      | Reached XP level 5. HP: 41/46 MP: 8/8
  2815 | D:4      | Found a staircase to the Ecumenical Temple.
  2830 | Temple   | Entered the Ecumenical Temple
  2972 | D:4      | Noticed Grinder
  3532 | D:4      | Reached skill level 5 in Fire Magic
  3580 | D:4      | Reached skill level 5 in Axes
  3732 | D:4      | Paralysed by Grinder for 3 turns
  3739 | D:4      | Killed Grinder
  3740 | D:4      | Reached skill level 5 in Fighting
  3740 | D:4      | Reached XP level 6. HP: 16/56 MP: 2/10
  3919 | D:4      | Noticed Dowan
  3921 | D:4      | Noticed Duvessa
  3995 | D:5      | Entered Level 5 of the Dungeon
  4149 | D:5      | Noticed Pikel
  4152 | D:5      | Reached XP level 7. HP: 61/61 MP: 4/11
  4203 | D:5      | Noticed Sigmund
  4219 | D:4      | Killed Pikel
  4220 | D:4      | Reached XP level 8. HP: 31/70 MP: 2/13
  4567 | D:5      | HP: 3/70 [poisoned by Sigmund]
  4568 | D:5      | HP: 1/70 [poisoned by Sigmund]
  4569 | D:5      | Succumbed to Sigmund's poison

Illustrated notes

Levels and vault maps discovered:
D:1:      dpeg_arrival_water_temple_mockup, layout_loops_ring, serial_shops,
          shop
D:2:      layout_loops_corners, serial_shops, shop, nicolae_diamond_shop,
          nicolae_shop_rolling_square, shop, serial_park_tiny_pond,
          minmay_misc_feat_tower, uniq_terence
D:3:      layout_loops_ring, biasface_ghost_orc_armoury, glass_columns_c
D:4:      layout_loops_ring, minmay_temple_entry_wispy, uniq_grinder,
          uniq_duvessa
D:5:      layout_gridville, nicolae_qazlal_beasts_of_the_sky, serial_shops,
          shop, uniq_crazy_yiuf_cottage, uniq_sigmund, uniq_pikel,
          uniq_eustachio
Temple:   hellmonk_temple_of_storms

Skill      XL: |  1  2  3  4  5  6  7 |
---------------+----------------------+-----
Axes           | 4 5 6 |  6.6
Fire Magic     | 4 5 6 |  6.6
Fighting       | 4 5 6 |  6.0
Spellcasting   | 2 3 |  3.8

Action                     |  1- 3 |  4- 6 |  7- 9 || total
---------------------------+-------+-------+-------++-------
  Melee: Hand axe          |   100 |   167 |    20 ||   287
   Cast: Scorch            |     5 |    27 |     5 ||    37
 Invoke: Foxfire Swarm     |       |     1 |     1 ||     2
         Fiery Armour      |       |       |     2 ||     2
    Use: Scroll            |       |     4 |     2 ||     6
         Potion            |       |     1 |     5 ||     6
 Armour: Ring mail         |    65 |   126 |    25 ||   216
         Robe              |     2 |       |       ||     2
  Dodge: Dodged            |    50 |    86 |    14 ||   150

Table legend: (Time is in decaauts)
 A = Elapsed time spent in this place.
 B = Non-inter-level travel time spent in this place.
 C = Inter-level travel time spent in this place.
 D = Time resting spent in this place.
 E = Time spent auto-exploring this place.
 F = Levels seen in this place.
 G = Mean time per level.
                   A        B        C        D        E       F      G
               +--------+--------+--------+--------+--------+-----+--------+
         Total |   4592 |   4399 |    193 |    330 |   3275 |   6 |  765.3 |
       Dungeon |   4561 |   4368 |    193 |    330 |   3246 |   5 |  912.2 |
        Temple |     30 |     30 |      0 |      0 |     29 |   1 |   30.0 |
               +--------+--------+--------+--------+--------+-----+--------+

Top non-repeatable levels by time:
     D:4: 1454 daAuts
     D:2: 1032 daAuts
     D:3: 994 daAuts
     D:1: 848 daAuts
     D:5: 231 daAuts
  Temple: 30 daAuts
